 Dungeon Crawl Stone Soup version 0.29.0-5-ge4962eb29e (webtiles) character file.

Game seed: 8608404259781467093

366 greenfog420 the Covered (level 6, -4/56 HPs)
             Began as a Minotaur Fighter on Aug 28, 2022.
             Succumbed to their own poison gas
             ... on level 4 of the Dungeon.
             The game lasted 00:26:45 (3807 turns).

greenfog420 the Covered (Minotaur Fighter)          Turns: 3807, Time: 00:26:46

Health: -4/56      AC:  9    Str: 22    XL:     6   Next: 40%
Magic:  5/5        EV:  7    Int:  5    God:
Gold:   106        SH:  5    Dex: 10    Spells: 5/5 levels left

rFire   . . .      SeeInvis .   i - +8 trident "Goxky" {freeze, rElec}
rCold   . . .      Faith    .   c - +0 buckler
rNeg    . . .      Spirit   .   l - +0 chain mail
rPois   .          Reflect  .   (helmet restricted)
rElec   +          Harm     .   (no cloak)
rCorr   .          Rampage  .   (no gloves)
Will    .....                   (no boots)
Stlth   ..........              q - amulet of the acrobat
HPRegen 0.18/turn               (no ring)
MPRegen 0.09/turn               (no ring)

@: lethally poisoned (-4 -> -36)
A: horns 2, retaliatory headbutt
a: no special abilities


You were on level 4 of the Dungeon.
You visited 1 branch of the dungeon, and saw 4 of its levels.

You collected 106 gold pieces.

Inventory:

Hand Weapons
 a - a +0 long sword of electrocution
 d - a +0 flail
 i - the +8 trident "Goxky" (weapon) {freeze, rElec}
   (You found it on level 2 of the Dungeon)

   It freezes those it strikes, dealing additional cold damage.
   It can also slow down cold-blooded creatures.
   rElec:     It insulates you from electricity.
Missiles
 e - 14 stones (quivered)
Armour
 b - a +0 scale mail
 c - a +0 buckler (worn)
 l - a +0 chain mail (worn)
 r - a +0 ring mail
Jewellery
 f - an amulet of faith
 q - an amulet of the acrobat (around neck)
Wands
 t - a wand of roots (11)
Scrolls
 g - 2 scrolls of teleportation
 j - a scroll of vulnerability
 m - 5 scrolls of identify
 s - a scroll of torment {unknown}
 u - a scroll of poison
 v - a scroll of enchant armour {unknown}
Potions
 h - a potion of mutation {unknown}
 k - a potion of lignification {unknown}
 n - a potion of heal wounds {unknown}
 o - a potion of attraction {unknown}
 p - a potion of curing {unknown}
 w - a potion of resistance {unknown}
 x - a potion of magic {unknown}


   Skills:
 + Level 5.2 Fighting
 + Level 4.4 Long Blades
 + Level 5.4 Armour
 + Level 5.4 Shields


You had 5 spell levels left.
You didn't know any spells.
Your spell library was empty.

Dungeon Overview and Level Annotations

Branches:
Dungeon (4/15)
 Temple: D:4-7

Altars:


Innate Abilities, Weirdness & Mutations

You have a pair of horns on your head.
You reflexively headbutt those who attack you in melee.


Message History

The orc is lightly wounded.
The orc hits you but does no damage.
You closely miss the orc.
The orc is lightly wounded.
The orc barely misses you. x2
You impale the orc!! You freeze the orc.
You kill the orc!
Items here: )) [[ †.
Items here: )) [[ †.
d - a +0 flail
Items here: ) [[ †.
x - a bubbling grey potion
u - 2 scrolls labelled BEDIR NAS WODGH (gained 1)
A bat comes into view.
The bat hits you but does no damage. You block the bat's attack.
You block the bat's attack.
You miss the bat. Your headbutt misses the bat. The bat closely misses you.
You furiously retaliate!
You headbutt the bat.
You kill the bat!
There is a stone staircase leading down here.
The air fills with toxic fumes!
As you read the scroll labelled BEDIR NAS WODGH, it crumbles to dust.
It was a scroll of poison.
Really walk into that cloud of poison gas?
Okay, then.
Really walk into that cloud of poison gas?
You are engulfed in poison gas.
You are poisoned.
You feel very sick.
You are engulfed in poison gas.
You are more poisoned.
You feel very sick.
You are engulfed in poison gas.
You are more poisoned.
You feel extremely sick.
There is a stone staircase leading down here.
You are engulfed in poison gas.
You are more poisoned.
* * * LOW HITPOINT WARNING * * *
x2 You feel extremely sick.
You climb downwards.
You die...

#######.##
#$.@.....#
#.###.....#
# .....
..## .# #


There were no monsters in sight!

Vanquished Creatures
  Grinder (D:3)
  An orc priest (D:3)
  4 gnolls (D:2)
  3 adders (D:2)
  2 worms (D:2)
  7 orcs (D:3)
  3 ball pythons
  3 endoplasms
  A giant cockroach (D:2)
  7 goblins
  5 hobgoblins
  3 jackals (D:1)
  2 quokkas
  5 bats
  4 frilled lizards
  2 kobolds
  3 rats
56 creatures vanquished.

Notes
Turn   | Place    | Note
-------+----------+-------------------------------------------
     0 | D:1      | greenfog420 the Minotaur Fighter began the quest for the
                  | Orb.
     0 | D:1      | Reached XP level 1. HP: 19/19 MP: 0/0
   498 | D:1      | Reached XP level 2. HP: 21/27 MP: 1/1
   995 | D:1      | Noticed a shining eye
   999 | D:1      | Found a faded altar of an unknown god.
  1008 | D:1      | Noticed a floating eye
  1162 | D:1      | Noticed a floating eye
  1162 | D:1      | Noticed a floating eye
  1872 | D:2      | Reached XP level 3. HP: 29/33 MP: 2/2
  2197 | D:2      | Identified the +8 trident "Goxky" {freeze, rElec}
  2281 | D:2      | Reached XP level 4. HP: 31/40 MP: 3/3
  3111 | D:3      | Noticed Grinder
  3118 | D:3      | Killed Grinder
  3119 | D:3      | Reached skill level 5 in Fighting
  3119 | D:3      | Reached skill level 5 in Armour
  3119 | D:3      | Reached skill level 5 in Shields
  3119 | D:3      | Reached XP level 5. HP: 41/48 MP: 4/4
  3119 | D:3      | Reached XP level 6. HP: 48/56 MP: 5/5
  3806 | D:3      | HP: 1/56 [poisoned by you (poison gas)]
  3807 | D:4      | Succumbed to their own poison gas

Illustrated notes

Levels and vault maps discovered:
D:1:      lightli_arrival_farm, layout_rooms,
          hellmonk_ecumenical_altar_watching_god, minmay_misc_feat_chi
D:2:      layout_rooms
D:3:      layout_loops_cross, uniq_grinder
D:4:      layout_loops_corners, nemelex_spade_bored_becter,
          minmay_temple_entry_proselytizer, chequers_serial_rivers_marsh,
          roderic_serpentine_path

Skill      XL: |  1  2  3  4 |
---------------+-------------+-----
Shields        | 4 5 |  5.4
Armour         | 4 5 |  5.4
Fighting       | 4 5 |  5.2
Long Blades    | 3 4 |  4.4

Action                   |  1- 3 |  4- 6 || total
-------------------------+-------+-------++-------
Melee: Long sword        |    69 |       ||    69
       Headbutt          |    10 |     4 ||    14
       Trident           |     5 |    38 ||    43
  Use: Scroll            |     5 |     1 ||     6
       Potion            |       |     1 ||     1
Armor: Scale mail        |    10 |       ||    10
       Chain mail        |    31 |    14 ||    45
Dodge: Dodged            |    32 |    14 ||    46
Block: Buckler           |    20 |    15 ||    35
